Jets vs Avalanche

Created - 4 février 2021 at 09:05

Goals
1 2 3 T
Jets 0 3 0 3
Avalanche 1 0 0 1
Shots
1 2 3 T
Jets 12 9 8 29
Avalanche 18 10 9 37

1st period

1. Avalanche , Josh Leivo 11 (Vladislav Namestnikov 13, Ivan Barbashev 5) at 12:42

Penalties :
Dakota Mermis (WIN) for Hooking (Minor) at 5:34

2nd period

2. Jets , Victor Olofsson 15 (Erik Gudbranson 6, Mackenzie Blackwood) at 4:28 (PP)
3. Jets , Nathan MacKinnon 11 (Victor Olofsson 18, Josh Manson 7) at 11:52
4. Jets , Janne Kuokkanen 5 (William Carrier 2, Zach Aston-Reese 4) at 16:36

Penalties :
Radek Faksa (COL) for Tripping (Minor) at 4:19, Erik Gudbranson (WIN) for Tripping (Minor) at 5:14, Dan Hamhuis (COL) for Hooking (Minor) at 17:25

3rd period

No Goal

Penalties :
Vladislav Namestnikov (COL) for Roughing (Minor) at 7:49

Goalie Stats

Mackenzie Blackwood (WIN), 36 saves from 37 shots - (0,973), W, 11-11-1, 60:00 minutes
Joonas Korpisalo (COL), 26 saves from 29 shots - (0,897), L, 5-11-2, 60:00 minutes

Players Stats for Jets

Player Name              G  A  P  +/- PIM S  H  SB GA TA FO     MP     PP MP  PK MP  
------------------------------------------------------------------------------------
Andreas Athanasiou       0  0  0  -1  0   4  3  0  1  0  0/1    17:00   1:46   0:24 
Brett Pesce              0  0  0   0  0   0  1  1  0  0  0/0    19:50   1:52   2:07 
Colton Sissons           0  0  0   0  0   0  1  0  1  0  4/7    12:08   0:10   0:00 
Dakota Mermis            0  0  0   0  2   0  0  0  0  0  0/0     3:31   0:00   0:00 
Erik Gudbranson          0  1  1   1  2   0  3  0  0  2  0/0    26:23   2:15   0:45 
Filip Chytil             0  0  0   0  0   4  1  0  0  0  0/0    12:38   0:00   0:52 
James van Riemsdyk       0  0  0   1  0   2  3  0  0  0  0/1    20:59   2:06   1:49 
Janne Kuokkanen          1  0  1   1  0   2  0  2  1  0  1/2     8:03   0:00   0:00 
Jonathan Ericsson        0  0  0   0  0   0  0  0  0  0  0/0    13:46   0:00   1:06 
Josh Manson              0  1  1   1  0   3  1  1  0  1  0/0    24:17   2:15   1:51 
Josh Morrissey           0  0  0   0  0   1  0  0  0  1  0/0    19:50   1:52   2:07 
Kyle Turris              0  0  0  -1  0   3  0  0  0  0  10/11  17:27   1:46   1:10 
Mark Pysyk               0  0  0   0  0   1  0  0  0  0  0/0    12:32   0:00   0:00 
Mike Sgarbossa           0  0  0   0  0   0  0  0  0  0  0/0     0:39   0:15   0:00 
Nathan MacKinnon         1  0  1   1  0   1  0  0  1  0  13/29  21:27   2:21   1:54 
Troy Brouwer             0  0  0   1  0   0  1  1  0  1  0/1     8:03   0:00   0:00 
Victor Olofsson          1  1  2   1  0   5  2  1  0  1  0/0    20:25   2:11   1:10 
Wayne Simmonds           0  0  0  -1  0   0  4  0  1  0  0/0    16:17   1:46   0:00 
William Carrier          0  1  1   1  0   2  0  0  1  0  0/0     8:03   0:00   0:00 
Zach Aston-Reese         0  1  1   0  0   1  2  0  0  0  0/2    12:42   0:00   0:37 

Players Stats for Avalanche

Player Name              G  A  P  +/- PIM S  H  SB GA TA FO     MP     PP MP  PK MP  
------------------------------------------------------------------------------------
Andrew Copp              0  0  0   0  0   4  1  0  0  0  1/1    21:50   2:07   2:01 
Brian Dumoulin           0  0  0   1  0   0  1  1  0  0  0/0    20:27   1:39   1:47 
Cameron Gaunce           0  0  0   0  0   0  0  0  0  0  0/0     3:34   0:00   0:00 
Cody Eakin               0  0  0  -2  0   1  0  0  0  0  5/8    12:28   0:28   0:20 
Conor Sheary             0  0  0  -2  0   3  0  0  0  0  0/0    11:32   0:19   0:00 
Dan Hamhuis              0  0  0  -1  2   1  0  0  0  0  0/0    11:20   0:00   0:00 
Daniel Sprong            0  0  0  -2  0   1  0  0  0  0  2/2    12:37   0:00   1:21 
Ivan Barbashev           0  1  1   1  0   0  2  1  0  0  0/0    16:18   1:32   0:00 
Jack Johnson             0  0  0  -1  0   1  6  1  0  2  0/0    28:05   2:19   2:20 
Josh Leivo               1  0  1   1  0   3  1  0  0  0  0/0    16:22   1:32   0:00 
Keith Yandle             0  0  0  -1  0   3  0  1  0  1  0/0    25:07   2:19   2:20 
Marcus Pettersson        0  0  0   1  0   1  0  0  0  2  0/0    20:27   1:39   1:47 
Matt Roy                 0  0  0  -1  0   2  1  1  0  0  0/0    11:10   0:00   0:00 
Nino Niederreiter        0  0  0   0  0   6  1  1  2  0  0/3    20:39   1:58   1:13 
Pontus Aberg             0  0  0   0  0   7  0  0  0  0  0/0     7:34   0:00   0:00 
Radek Faksa              0  0  0   0  2   1  1  2  2  1  12/22  21:22   1:58   1:57 
Samuel Blais             0  0  0   0  0   0  0  0  0  0  1/1     2:08   0:28   0:49 
Vladislav Namestnikov    0  1  1   1  2   1  0  0  0  0  2/14   16:52   1:32   0:33 
Warren Foegele           0  0  0   0  0   0  0  0  1  0  0/0     7:59   0:00   0:00 
Zack Smith               0  0  0   0  0   2  1  0  1  0  3/3     7:59   0:00   0:00 

3 Stars

1 - Mackenzie Blackwood (WIN)
2 - Victor Olofsson (WIN)
3 - Janne Kuokkanen (WIN)

Power Play

Jets - 1 on 3 Attempt(s) - 33,33%
Avalanche - 0 on 2 Attempt(s) - 0,00%

Penalty Kill

Jets - 2 on 2 Attempt(s) - 100,00% - Score 0 goal in Penalty Kill
Avalanche - 2 on 3 Attempt(s) - 66,67% - Score 0 goal in Penalty Kill

Team Stat

Jets - Hits : 22 - Faceoff Wins : 28 - Blocked Shots : 6 - Penalty Minutes : 4
Avalanche - Hits : 15 - Faceoff Wins : 26 - Blocked Shots : 8 - Penalty Minutes : 6

Official

Referees : Beaudry Halkidis and Jim Curtin
Linesman : Scott Cherrey and Brad Kovachik

Game Notes

9:28 of 1st period - Avalanche goal is going for a video replay. After video review, No Goal. The puck has been directed, batted or thrown into the net by an attacking player other than with a stick.
12:28 of 2nd period - Jets goal is going for a video replay. After video review, No Goal. The goalkeeper has been pushed into the net together with the puck after making a save.
Pontus Aberg is injured at 16:18 of 3rd period (Broken Right Foot Toe)

Finance

Level 1 -- Attendance: 4791 (79,85%) -- Ticket Income 479 100 $
Level 2 -- Attendance: 4877 (97,54%) -- Ticket Income 292 620 $
Level 3 -- Attendance: 1773 (88,65%) -- Ticket Income 62 055 $
Level 4 -- Attendance: 2681 (67,03%) -- Ticket Income 67 025 $
Luxury Box -- Attendance: 760 (76,00%) -- Ticket Income 152 000 $
Game was played at the Pepsi Center.
Total Attendance: 14882 (82,68%)
Total Ticket Income: 1 052 800 $
Other Income: 515 872 $
Total Income: 1 568 672 $

Jets

5 vs 5 Forward 
   Center                   Left Wing                Right Wing               Time % Phy DF OF 
 1 Nathan MacKinnon         James van Riemsdyk       Victor Olofsson          40     1   2  2  
 2 Kyle Turris              Andreas Athanasiou       Wayne Simmonds           30     1   2  2  
 3 Colton Sissons           Filip Chytil             Zach Aston-Reese         20     1   2  2  
 4 Janne Kuokkanen          William Carrier          Troy Brouwer             10     1   2  2  

5 vs 5 Defense 
   Defense                  Defense                                           Time % Phy DF OF 
 1 Erik Gudbranson          Josh Manson                                       40     1   2  2  
 2 Brett Pesce              Josh Morrissey                                    30     1   2  2  
 3 Mark Pysyk               Jonathan Ericsson                                 20     1   2  2  
 4 Dakota Mermis            Erik Gudbranson                                   10     1   2  2  

PowerPlay Forward 
   Center                   Left Wing                Right Wing               Time % Phy DF OF 
 1 Nathan MacKinnon         James van Riemsdyk       Victor Olofsson          60     1   2  2  
 2 Kyle Turris              Andreas Athanasiou       Wayne Simmonds           40     1   2  2  

PowerPlay Defense
   Defense                  Defense                                           Time % Phy DF OF 
 1 Erik Gudbranson          Josh Manson                                       60     1   2  2  
 2 Brett Pesce              Josh Morrissey                                    40     1   2  2  

Penalty Kill 4 Players Forward 
   Center                   Wing                     Time % Phy DF OF 
 1 Nathan MacKinnon         James van Riemsdyk       60     1   2  2  
 2 Victor Olofsson          Kyle Turris              40     1   2  2  

Penalty Kill 4 Players Defense
   Defense                  Defense                  Time % Phy DF OF 
 1 Erik Gudbranson          Josh Manson              60     1   2  2  
 2 Brett Pesce              Josh Morrissey           40     1   2  2  

Penalty Kill - 3 Players Forward 
   Forward                                           Time % Phy DF OF 
 1 Nathan MacKinnon                                  60     1   2  2  
 2 James van Riemsdyk                                40     1   2  2  

Penalty Kill - 3 Players Defense
   Defense                  Defense                  Time % Phy DF OF 
 1 Erik Gudbranson          Josh Manson              60     1   2  2  
 2 Brett Pesce              Josh Morrissey           40     1   2  2  

4 vs 4 Forward 
   Center                   Wing                     Time % Phy DF OF 
 1 Nathan MacKinnon         James van Riemsdyk       60     1   2  2  
 2 Victor Olofsson          Kyle Turris              40     1   2  2  

4 vs 4 Defense
   Defense                  Defense                  Time % Phy DF OF 
 1 Erik Gudbranson          Josh Manson              60     1   2  2  
 2 Brett Pesce              Josh Morrissey           40     1   2  2  

Last Minutes Offensive
   Center                   Left Wing                Right Wing               Defense                  Defense                  
   Nathan MacKinnon         James van Riemsdyk       Victor Olofsson          Erik Gudbranson          Josh Manson              

Last Minutes Defensive
   Center                   Left Wing                Right Wing               Defense                  Defense                  
   Nathan MacKinnon         James van Riemsdyk       Victor Olofsson          Erik Gudbranson          Josh Manson              

Goaltenders
Starting : Mackenzie Blackwood      
Backup : Jonathan Bernier         

Extra Forwards
Normal : Mike Sgarbossa, Colton Sissons, Filip Chytil - PP : Mike Sgarbossa, Colton Sissons - PK : Filip Chytil
Extra Defensemen
Normal : Mark Pysyk, Jonathan Ericsson, Dakota Mermis - PP : Mark Pysyk - PK : Jonathan Ericsson, Dakota Mermis
Penalty Shots
Nathan MacKinnon, James van Riemsdyk, Victor Olofsson, Kyle Turris, Andreas Athanasiou
Custom OT Lines Forwards
Nathan MacKinnon, James van Riemsdyk, Victor Olofsson, Kyle Turris, Andreas Athanasiou, Wayne Simmonds, Colton Sissons, Filip Chytil, Zach Aston-Reese, Janne Kuokkanen
Custom OT Lines Defensemen
Erik Gudbranson, Josh Manson, Brett Pesce, Josh Morrissey, Mark Pysyk

Scratches
Nate Prosser (Healthy)

Avalanche

5 vs 5 Forward 
   Center                   Left Wing                Right Wing               Time % Phy DF OF 
 1 Radek Faksa              Andrew Copp              Nino Niederreiter        40     1   2  2  
 2 Vladislav Namestnikov    Ivan Barbashev           Josh Leivo               30     1   2  2  
 3 Cody Eakin               Conor Sheary             Daniel Sprong            20     1   2  2  
 4 Zack Smith               Warren Foegele           Pontus Aberg             10     1   2  2  

5 vs 5 Defense 
   Defense                  Defense                                           Time % Phy DF OF 
 1 Jack Johnson             Keith Yandle                                      40     1   2  2  
 2 Marcus Pettersson        Brian Dumoulin                                    30     1   2  2  
 3 Dan Hamhuis              Matt Roy                                          20     1   2  2  
 4 Cameron Gaunce           Jack Johnson                                      10     1   2  2  

PowerPlay Forward 
   Center                   Left Wing                Right Wing               Time % Phy DF OF 
 1 Radek Faksa              Andrew Copp              Nino Niederreiter        60     1   2  2  
 2 Vladislav Namestnikov    Ivan Barbashev           Josh Leivo               40     1   2  2  

PowerPlay Defense
   Defense                  Defense                                           Time % Phy DF OF 
 1 Jack Johnson             Keith Yandle                                      60     1   2  2  
 2 Marcus Pettersson        Brian Dumoulin                                    40     1   2  2  

Penalty Kill 4 Players Forward 
   Center                   Wing                     Time % Phy DF OF 
 1 Radek Faksa              Andrew Copp              60     1   2  2  
 2 Vladislav Namestnikov    Nino Niederreiter        40     1   2  2  

Penalty Kill 4 Players Defense
   Defense                  Defense                  Time % Phy DF OF 
 1 Jack Johnson             Keith Yandle             60     1   2  2  
 2 Marcus Pettersson        Brian Dumoulin           40     1   2  2  

Penalty Kill - 3 Players Forward 
   Forward                                           Time % Phy DF OF 
 1 Radek Faksa                                       60     1   2  2  
 2 Andrew Copp                                       40     1   2  2  

Penalty Kill - 3 Players Defense
   Defense                  Defense                  Time % Phy DF OF 
 1 Jack Johnson             Keith Yandle             60     1   2  2  
 2 Marcus Pettersson        Brian Dumoulin           40     1   2  2  

4 vs 4 Forward 
   Center                   Wing                     Time % Phy DF OF 
 1 Radek Faksa              Andrew Copp              60     1   2  2  
 2 Vladislav Namestnikov    Nino Niederreiter        40     1   2  2  

4 vs 4 Defense
   Defense                  Defense                  Time % Phy DF OF 
 1 Jack Johnson             Keith Yandle             60     1   2  2  
 2 Marcus Pettersson        Brian Dumoulin           40     1   2  2  

Last Minutes Offensive
   Center                   Left Wing                Right Wing               Defense                  Defense                  
   Radek Faksa              Andrew Copp              Nino Niederreiter        Jack Johnson             Keith Yandle             

Last Minutes Defensive
   Center                   Left Wing                Right Wing               Defense                  Defense                  
   Radek Faksa              Andrew Copp              Nino Niederreiter        Jack Johnson             Keith Yandle             

Goaltenders
Starting : Joonas Korpisalo         
Backup : Michael Hutchinson       

Extra Forwards
Normal : Samuel Blais, Cody Eakin, Daniel Sprong - PP : Samuel Blais, Cody Eakin - PK : Daniel Sprong
Extra Defensemen
Normal : Dan Hamhuis, Matt Roy, Cameron Gaunce - PP : Dan Hamhuis - PK : Matt Roy, Cameron Gaunce
Penalty Shots
Radek Faksa, Andrew Copp, Vladislav Namestnikov, Nino Niederreiter, Ivan Barbashev
Custom OT Lines Forwards
Radek Faksa, Andrew Copp, Vladislav Namestnikov, Nino Niederreiter, Ivan Barbashev, Josh Leivo, Cody Eakin, Daniel Sprong, Conor Sheary, Zack Smith
Custom OT Lines Defensemen
Jack Johnson, Keith Yandle, Marcus Pettersson, Brian Dumoulin, Dan Hamhuis

Scratches
John Klingberg (Left Leg Injury), Josh Bailey (Exhaustion)

% Time on Ice - Jets

Lines # - Real PCT - Wanted PCT - Time Play
Normal Forward
1 - 34% - 40% - 17:35
2 - 28% - 30% - 14:31
3 - 23% - 20% - 11:46
4 - 16% - 10% - 8:03
Normal Defense
1 - 39% - 40% - 20:11
2 - 31% - 30% - 15:51
3 - 24% - 20% - 12:32
4 - 6% - 10% - 3:21
PP Forward
1 - 57% - 60% - 2:21
2 - 43% - 40% - 1:46
PP Defense
1 - 55% - 60% - 2:15
2 - 45% - 40% - 1:52
PK Forward
1 - 71% - 60% - 2:48
2 - 29% - 40% - 1:10
PK Defense
1 - 47% - 60% - 1:51
2 - 53% - 40% - 2:07
PK3 Forward
1 - 0% - 60%
2 - 0% - 40%
PK3 Defense
1 - 0% - 60%
2 - 0% - 40%
44 Forward
1 - 0% - 60%
2 - 0% - 40%
44 Defense
1 - 0% - 60%
2 - 0% - 40%
Last Minute Offensive  - 0:00
Last Minute Defensive  - 0:00
Total
Forward - 60:00
Defense - 60:00

% Time on Ice - Avalanche

Lines # - Real PCT - Wanted PCT - Time Play
Normal Forward
1 - 35% - 40% - 18:05
2 - 28% - 30% - 14:46
3 - 21% - 20% - 11:05
4 - 15% - 10% - 7:59
Normal Defense
1 - 39% - 40% - 20:28
2 - 33% - 30% - 17:01
3 - 22% - 20% - 11:10
4 - 6% - 10% - 3:16
PP Forward
1 - 61% - 60% - 2:26
2 - 39% - 40% - 1:32
PP Defense
1 - 58% - 60% - 2:19
2 - 42% - 40% - 1:39
PK Forward
1 - 70% - 60% - 2:54
2 - 30% - 40% - 1:13
PK Defense
1 - 57% - 60% - 2:20
2 - 43% - 40% - 1:47
PK3 Forward
1 - 0% - 60%
2 - 0% - 40%
PK3 Defense
1 - 0% - 60%
2 - 0% - 40%
44 Forward
1 - 0% - 60%
2 - 0% - 40%
44 Defense
1 - 0% - 60%
2 - 0% - 40%
Last Minute Offensive  - 0:00
Last Minute Defensive  - 0:00
Total
Forward - 60:00
Defense - 60:00

Play-by-Play

1st period


0:01 of 1st period - Radek Faksa wins face-off versus Nathan MacKinnon in neutral zone.
0:04 of 1st period - Snap shot by Nino Niederreiter.
0:04 of 1st period - Shot Misses the Net.
0:06 of 1st period - Slapshot by Andrew Copp.
0:06 of 1st period - Stopped by Mackenzie Blackwood with a rebound.
0:08 of 1st period - Slapshot by Jack Johnson.
0:08 of 1st period - Shot Misses the Net.
1:32 of 1st period - Slapshot by Victor Olofsson.
1:32 of 1st period - Shot Misses the Net.
1:34 of 1st period - Slapshot by Josh Manson.
1:34 of 1st period - Stopped by Joonas Korpisalo with a rebound.
1:36 of 1st period - Slapshot by Erik Gudbranson.
1:36 of 1st period - Shot Blocked by Radek Faksa.
1:38 of 1st period - Slapshot by Josh Manson.
1:38 of 1st period - Stopped by Joonas Korpisalo without a rebound.
1:39 of 1st period - Kyle Turris wins face-off versus Vladislav Namestnikov in Avalanche zone.
1:42 of 1st period - Snap shot by Andreas Athanasiou.
1:42 of 1st period - Shot Misses the Net.
2:57 of 1st period - Slapshot by Zack Smith.
2:57 of 1st period - Shot Blocked by Janne Kuokkanen.
3:11 of 1st period - Kyle Turris is hit by Josh Leivo and loses puck.
3:53 of 1st period - Wrist shot by Pontus Aberg.
3:53 of 1st period - Stopped by Mackenzie Blackwood without a rebound.
3:54 of 1st period - Zack Smith wins face-off versus Colton Sissons in Jets zone.
4:01 of 1st period - Wrist shot by Pontus Aberg.
4:01 of 1st period - Stopped by Mackenzie Blackwood with a rebound.
4:29 of 1st period - Wrist shot by Nathan MacKinnon.
4:29 of 1st period - Shot Misses the Net.
4:31 of 1st period - Slapshot by Brett Pesce.
4:31 of 1st period - Shot Misses the Net.
4:44 of 1st period - Snap shot by Matt Roy.
4:44 of 1st period - Stopped by Mackenzie Blackwood without a rebound.
4:45 of 1st period - Kyle Turris wins face-off versus Vladislav Namestnikov in Jets zone.
4:50 of 1st period - Ivan Barbashev is hit by Wayne Simmonds.
5:03 of 1st period - Erik Gudbranson is hit by Jack Johnson and loses puck.
5:25 of 1st period - Wrist shot by Josh Leivo.
5:25 of 1st period - Shot Misses the Net.
5:34 of 1st period - Minor Penalty to Dakota Mermis for Hooking.
5:35 of 1st period - Radek Faksa wins face-off versus Nathan MacKinnon in Jets zone.
7:22 of 1st period - Slapshot by Conor Sheary.
7:22 of 1st period - Stopped by Mackenzie Blackwood without a rebound.
7:23 of 1st period - Samuel Blais wins face-off versus Zach Aston-Reese in Jets zone.
7:34 of 1st period - Penalty to Dakota Mermis is over, Dakota Mermis is back on ice.
7:52 of 1st period - Snap shot by Janne Kuokkanen.
7:52 of 1st period - Stopped by Joonas Korpisalo without a rebound.
7:53 of 1st period - Andrew Copp wins face-off versus Janne Kuokkanen in Avalanche zone.
8:04 of 1st period - Snap shot by Radek Faksa.
8:04 of 1st period - Stopped by Mackenzie Blackwood with a rebound.
8:27 of 1st period - Wrist shot by Victor Olofsson.
8:27 of 1st period - Shot Misses the Net.
8:29 of 1st period - Snap shot by Victor Olofsson.
8:29 of 1st period - Shot Misses the Net.
8:46 of 1st period - Wrist shot by Josh Leivo.
8:46 of 1st period - Shot Misses the Net.
8:50 of 1st period - Backhand shot by Vladislav Namestnikov.
8:50 of 1st period - Shot Misses the Net.
9:26 of 1st period - Snap shot by Nino Niederreiter.
9:26 of 1st period - Shot Blocked by Brett Pesce.
9:28 of 1st period - Wrist shot by Andrew Copp.
9:28 of 1st period - Avalanche goal is going for a video replay.
9:28 of 1st period - The goal is refused. The puck has been directed, batted or thrown into the net by an attacking player other than with a stick..
9:29 of 1st period - Kyle Turris wins face-off versus Cody Eakin in Jets zone.
9:45 of 1st period - Wrist shot by Kyle Turris.
9:45 of 1st period - Stopped by Joonas Korpisalo without a rebound.
9:46 of 1st period - Nathan MacKinnon wins face-off versus Radek Faksa in Avalanche zone.
10:59 of 1st period - Troy Brouwer is hit by Zack Smith and loses puck.
12:01 of 1st period - Off-side.
12:02 of 1st period - Vladislav Namestnikov wins face-off versus Kyle Turris in neutral zone.
12:40 of 1st period - Snap shot by Vladislav Namestnikov.
12:40 of 1st period - Shot Misses the Net.
12:42 of 1st period - Slapshot by Josh Leivo.
12:42 of 1st period - Goal by Josh Leivo - Jets : 0 - Avalanche : 1.
12:43 of 1st period - Radek Faksa wins face-off versus Nathan MacKinnon in neutral zone.
12:46 of 1st period - Snap shot by Andrew Copp.
12:46 of 1st period - Shot Misses the Net.
12:48 of 1st period - Snap shot by Radek Faksa.
12:48 of 1st period - Deflect By Nino Niederreiter.
12:48 of 1st period - Stopped by Mackenzie Blackwood with a rebound.
13:27 of 1st period - Slapshot by Vladislav Namestnikov.
13:27 of 1st period - Stopped by Mackenzie Blackwood with a rebound.
13:29 of 1st period - Slapshot by Vladislav Namestnikov.
13:29 of 1st period - Deflect By Josh Leivo.
13:29 of 1st period - Shot Misses the Net.
13:29 of 1st period - Puck is out of play.
13:30 of 1st period - Kyle Turris wins face-off versus Vladislav Namestnikov in Jets zone.
13:49 of 1st period - Snap shot by Andreas Athanasiou.
13:49 of 1st period - Stopped by Joonas Korpisalo without a rebound.
13:50 of 1st period - Radek Faksa wins face-off versus Nathan MacKinnon in Avalanche zone.
14:02 of 1st period - Wrist shot by James van Riemsdyk.
14:02 of 1st period - Stopped by Joonas Korpisalo without a rebound.
14:03 of 1st period - Nathan MacKinnon wins face-off versus Radek Faksa in Avalanche zone.
14:10 of 1st period - Snap shot by Nathan MacKinnon.
14:10 of 1st period - Shot Misses the Net.
14:16 of 1st period - Slapshot by Nino Niederreiter.
14:16 of 1st period - Stopped by Mackenzie Blackwood with a rebound.
14:18 of 1st period - Snap shot by Nino Niederreiter.
14:18 of 1st period - Deflect By Nathan MacKinnon.
14:18 of 1st period - Stopped by Mackenzie Blackwood without a rebound.
14:19 of 1st period - Cody Eakin wins face-off versus Zach Aston-Reese in Jets zone.
14:20 of 1st period - Snap shot by Conor Sheary.
14:20 of 1st period - Deflect By Cody Eakin.
14:20 of 1st period - Stopped by Mackenzie Blackwood without a rebound.
14:21 of 1st period - Daniel Sprong wins face-off versus Colton Sissons in Jets zone.
14:22 of 1st period - Slapshot by Keith Yandle.
14:22 of 1st period - Stopped by Mackenzie Blackwood without a rebound.
14:23 of 1st period - Colton Sissons wins face-off versus Cody Eakin in Jets zone.
14:36 of 1st period - Snap shot by Filip Chytil.
14:36 of 1st period - Stopped by Joonas Korpisalo with a rebound.
14:39 of 1st period - Icing by Keith Yandle.
14:40 of 1st period - Cody Eakin wins face-off versus Nathan MacKinnon in Avalanche zone.
15:11 of 1st period - Wrist shot by Andrew Copp.
15:11 of 1st period - Stopped by Mackenzie Blackwood with a rebound.
15:29 of 1st period - Slapshot by Zack Smith.
15:29 of 1st period - Stopped by Mackenzie Blackwood with a rebound.
15:31 of 1st period - Wrist shot by Zack Smith.
15:31 of 1st period - Shot Misses the Net.
15:39 of 1st period - Wrist shot by Zack Smith.
15:39 of 1st period - Shot Misses the Net.
15:55 of 1st period - Snap shot by William Carrier.
15:55 of 1st period - Stopped by Joonas Korpisalo with a rebound.
15:57 of 1st period - Slapshot by Josh Manson.
15:57 of 1st period - Stopped by Joonas Korpisalo with a rebound.
16:55 of 1st period - Snap shot by Andreas Athanasiou.
16:55 of 1st period - Shot Misses the Net.
16:57 of 1st period - Snap shot by Mark Pysyk.
16:57 of 1st period - Stopped by Joonas Korpisalo with a rebound.
17:15 of 1st period - Slapshot by Ivan Barbashev.
17:15 of 1st period - Shot Blocked by Troy Brouwer.
17:17 of 1st period - Slapshot by Marcus Pettersson.
17:17 of 1st period - Deflect By Mark Pysyk.
17:17 of 1st period - Stopped by Mackenzie Blackwood with a rebound.
17:26 of 1st period - Icing by Jonathan Ericsson.
17:27 of 1st period - Janne Kuokkanen wins face-off versus Nino Niederreiter in Jets zone.
17:36 of 1st period - Nino Niederreiter is hit by James van Riemsdyk and loses puck.
17:55 of 1st period - Wrist shot by Andrew Copp.
17:55 of 1st period - Deflect By Josh Leivo.
17:55 of 1st period - Stopped by Mackenzie Blackwood with a rebound.
18:19 of 1st period - Wrist shot by Filip Chytil.
18:19 of 1st period - Stopped by Joonas Korpisalo with a rebound.
18:21 of 1st period - Slapshot by Filip Chytil.
18:21 of 1st period - Shot Misses the Net.
18:23 of 1st period - Slapshot by Brett Pesce.
18:23 of 1st period - Shot Misses the Net.
18:25 of 1st period - Wrist shot by Zach Aston-Reese.
18:25 of 1st period - Stopped by Joonas Korpisalo with a rebound.
18:27 of 1st period - Wrist shot by Zach Aston-Reese.
18:27 of 1st period - Shot Blocked by Matt Roy.
19:00 of 1st period - William Carrier is hit by Radek Faksa and loses puck.
19:08 of 1st period - Off-side.
19:09 of 1st period - Kyle Turris wins face-off versus Vladislav Namestnikov in neutral zone.
19:14 of 1st period - Cameron Gaunce is hit by Wayne Simmonds and loses puck.
Goals for this period are 0 for Jets vs 1 for Avalanche.
Shots for this period are 12 for Jets vs 18 for Avalanche.

2nd period


0:01 of 2nd period - Nathan MacKinnon wins face-off versus Nino Niederreiter in neutral zone.
0:08 of 2nd period - Snap shot by Nathan MacKinnon.
0:08 of 2nd period - Shot Blocked by Keith Yandle.
0:16 of 2nd period - Off-side.
0:17 of 2nd period - Kyle Turris wins face-off versus Vladislav Namestnikov in neutral zone.
0:30 of 2nd period - Kyle Turris is hit by Ivan Barbashev.
2:38 of 2nd period - Snap shot by Pontus Aberg.
2:38 of 2nd period - Stopped by Mackenzie Blackwood with a rebound.
2:40 of 2nd period - Snap shot by Jack Johnson.
2:40 of 2nd period - Stopped by Mackenzie Blackwood without a rebound.
2:41 of 2nd period - Nathan MacKinnon wins face-off versus Nino Niederreiter in Jets zone.
3:06 of 2nd period - Josh Manson is hit by Matt Roy and loses puck.
3:29 of 2nd period - Brian Dumoulin is hit by Wayne Simmonds and loses puck.
3:52 of 2nd period - Wrist shot by Filip Chytil.
3:52 of 2nd period - Stopped by Joonas Korpisalo with a rebound.
3:54 of 2nd period - Wrist shot by Jonathan Ericsson.
3:54 of 2nd period - Deflect By Filip Chytil.
3:54 of 2nd period - Shot Misses the Net.
3:54 of 2nd period - Puck is out of play.
3:55 of 2nd period - Colton Sissons wins face-off versus Cody Eakin in Avalanche zone.
4:19 of 2nd period - Minor Penalty to Radek Faksa for Tripping.
4:20 of 2nd period - Daniel Sprong wins face-off versus Nathan MacKinnon in Avalanche zone.
4:28 of 2nd period - Snap shot by Victor Olofsson.
4:28 of 2nd period - Goal by Victor Olofsson - Jets : 1 - Avalanche : 1.
4:29 of 2nd period - Radek Faksa wins face-off versus Nathan MacKinnon in neutral zone.
5:14 of 2nd period - Minor Penalty to Erik Gudbranson for Tripping.
5:15 of 2nd period - Radek Faksa wins face-off versus Nathan MacKinnon in Jets zone.
6:08 of 2nd period - Radek Faksa is hit by James van Riemsdyk and loses puck.
7:13 of 2nd period - Slapshot by Filip Chytil.
7:13 of 2nd period - Shot Misses the Net.
7:14 of 2nd period - Penalty to Erik Gudbranson is over, Erik Gudbranson is back on ice.
7:21 of 2nd period - Snap shot by Andreas Athanasiou.
7:21 of 2nd period - Stopped by Joonas Korpisalo without a rebound.
7:22 of 2nd period - Zack Smith wins face-off versus Troy Brouwer in Avalanche zone.
7:22 of 2nd period - Zack Smith is hit by Troy Brouwer.
7:32 of 2nd period - Wrist shot by Pontus Aberg.
7:32 of 2nd period - Stopped by Mackenzie Blackwood with a rebound.
8:04 of 2nd period - Zack Smith is hit by Zach Aston-Reese and loses puck.
8:17 of 2nd period - Ivan Barbashev is hit by James van Riemsdyk and loses puck.
8:34 of 2nd period - Wrist shot by Conor Sheary.
8:34 of 2nd period - Stopped by Mackenzie Blackwood with a rebound.
8:36 of 2nd period - Snap shot by Conor Sheary.
8:36 of 2nd period - Shot Misses the Net.
8:38 of 2nd period - Snap shot by Daniel Sprong.
8:38 of 2nd period - Stopped by Mackenzie Blackwood without a rebound.
8:39 of 2nd period - Cody Eakin wins face-off versus James van Riemsdyk in Jets zone.
9:29 of 2nd period - Vladislav Namestnikov is hit by Colton Sissons and loses puck.
9:38 of 2nd period - Slapshot by Zach Aston-Reese.
9:38 of 2nd period - Deflect By Filip Chytil.
9:38 of 2nd period - Stopped by Joonas Korpisalo with a rebound.
10:34 of 2nd period - Icing by Josh Manson.
10:35 of 2nd period - Kyle Turris wins face-off versus Vladislav Namestnikov in Jets zone.
10:40 of 2nd period - Snap shot by Kyle Turris.
10:40 of 2nd period - Stopped by Joonas Korpisalo without a rebound.
10:41 of 2nd period - Vladislav Namestnikov wins face-off versus Nathan MacKinnon in Avalanche zone.
11:06 of 2nd period - Radek Faksa is hit by Wayne Simmonds and loses puck.
11:35 of 2nd period - Filip Chytil is hit by Jack Johnson and loses puck.
11:52 of 2nd period - Slapshot by Victor Olofsson.
11:52 of 2nd period - Deflect By Nathan MacKinnon.
11:52 of 2nd period - Deflect By Keith Yandle.
11:52 of 2nd period - Goal by Nathan MacKinnon - Jets : 2 - Avalanche : 1.
11:53 of 2nd period - Nathan MacKinnon wins face-off versus Radek Faksa in neutral zone.
11:56 of 2nd period - Marcus Pettersson is hit by Josh Manson and loses puck.
12:21 of 2nd period - Ivan Barbashev is hit by Andreas Athanasiou and loses puck.
12:26 of 2nd period - Snap shot by Kyle Turris.
12:26 of 2nd period - Stopped by Joonas Korpisalo with a rebound.
12:28 of 2nd period - Wrist shot by Wayne Simmonds.
12:28 of 2nd period - Deflect By Andreas Athanasiou.
12:28 of 2nd period - Jets goal is going for a video replay.
12:28 of 2nd period - The goal is refused. The goalkeeper has been pushed into the net together with the puck after making a save..
12:29 of 2nd period - Radek Faksa wins face-off versus Nathan MacKinnon in Avalanche zone.
13:15 of 2nd period - Snap shot by Daniel Sprong.
13:15 of 2nd period - Deflect By Conor Sheary.
13:15 of 2nd period - Stopped by Mackenzie Blackwood with a rebound.
13:23 of 2nd period - Daniel Sprong is hit by Filip Chytil and loses puck.
13:54 of 2nd period - Nathan MacKinnon is hit by Jack Johnson and loses puck.
14:00 of 2nd period - Off-side.
14:01 of 2nd period - Nathan MacKinnon wins face-off versus Radek Faksa in neutral zone.
14:08 of 2nd period - Snap shot by James van Riemsdyk.
14:08 of 2nd period - Shot Misses the Net.
14:19 of 2nd period - Icing by Mark Pysyk.
14:20 of 2nd period - Nathan MacKinnon wins face-off versus Vladislav Namestnikov in Jets zone.
14:31 of 2nd period - Slapshot by Keith Yandle.
14:31 of 2nd period - Stopped by Mackenzie Blackwood without a rebound.
14:32 of 2nd period - Kyle Turris wins face-off versus Radek Faksa in Jets zone.
15:38 of 2nd period - Slapshot by Keith Yandle.
15:38 of 2nd period - Deflect By Pontus Aberg.
15:38 of 2nd period - Stopped by Mackenzie Blackwood with a rebound.
15:40 of 2nd period - Slapshot by Jack Johnson.
15:40 of 2nd period - Shot Misses the Net.
15:42 of 2nd period - Wrist shot by Zack Smith.
15:42 of 2nd period - Shot Hit the Post.
15:44 of 2nd period - Slapshot by Jack Johnson.
15:44 of 2nd period - Deflect By Pontus Aberg.
15:44 of 2nd period - Shot Misses the Net.
15:44 of 2nd period - Puck is out of play.
15:45 of 2nd period - Radek Faksa wins face-off versus Nathan MacKinnon in Jets zone.
16:34 of 2nd period - Snap shot by William Carrier.
16:34 of 2nd period - Shot Misses the Net.
16:36 of 2nd period - Snap shot by Janne Kuokkanen.
16:36 of 2nd period - Goal by Janne Kuokkanen - Jets : 3 - Avalanche : 1.
16:37 of 2nd period - Radek Faksa wins face-off versus Nathan MacKinnon in neutral zone.
16:40 of 2nd period - Slapshot by Keith Yandle.
16:40 of 2nd period - Shot Blocked by Victor Olofsson.
17:02 of 2nd period - Wrist shot by Colton Sissons.
17:02 of 2nd period - Deflect By Nino Niederreiter.
17:02 of 2nd period - Shot Misses the Net.
17:02 of 2nd period - Puck is out of play.
17:03 of 2nd period - Colton Sissons wins face-off versus Vladislav Namestnikov in Avalanche zone.
17:11 of 2nd period - Slapshot by Zach Aston-Reese.
17:11 of 2nd period - Shot Blocked by Ivan Barbashev.
17:25 of 2nd period - Minor Penalty to Dan Hamhuis for Hooking.
17:26 of 2nd period - Radek Faksa wins face-off versus Nathan MacKinnon in Avalanche zone.
19:25 of 2nd period - Penalty to Dan Hamhuis is over, Dan Hamhuis is back on ice.
19:33 of 2nd period - Slapshot by Andrew Copp.
19:33 of 2nd period - Stopped by Mackenzie Blackwood with a rebound.
19:35 of 2nd period - Wrist shot by Dan Hamhuis.
19:35 of 2nd period - Stopped by Mackenzie Blackwood without a rebound.
19:36 of 2nd period - Colton Sissons wins face-off versus Vladislav Namestnikov in Jets zone.
19:36 of 2nd period - Colton Sissons is hit by Ivan Barbashev.
Goals for this period are 3 for Jets vs 0 for Avalanche.
Shots for this period are 9 for Jets vs 10 for Avalanche.

3rd period


0:01 of 3rd period - Nathan MacKinnon wins face-off versus Radek Faksa in neutral zone.
0:01 of 3rd period - Nathan MacKinnon is hit by Andrew Copp.
0:05 of 3rd period - Nino Niederreiter is hit by Erik Gudbranson.
0:34 of 3rd period - Slapshot by Josh Morrissey.
0:34 of 3rd period - Stopped by Joonas Korpisalo without a rebound.
0:35 of 3rd period - Nathan MacKinnon wins face-off versus Vladislav Namestnikov in Avalanche zone.
0:38 of 3rd period - Slapshot by James van Riemsdyk.
0:38 of 3rd period - Stopped by Joonas Korpisalo with a rebound.
1:28 of 3rd period - Snap shot by Filip Chytil.
1:28 of 3rd period - Shot Blocked by Brian Dumoulin.
2:08 of 3rd period - Slapshot by Josh Leivo.
2:08 of 3rd period - Stopped by Mackenzie Blackwood with a rebound.
2:39 of 3rd period - Slapshot by Victor Olofsson.
2:39 of 3rd period - Shot Misses the Net.
2:41 of 3rd period - Backhand shot by Victor Olofsson.
2:41 of 3rd period - Stopped by Joonas Korpisalo without a rebound.
2:42 of 3rd period - Kyle Turris wins face-off versus Radek Faksa in Avalanche zone.
3:12 of 3rd period - Slapshot by Keith Yandle.
3:12 of 3rd period - Stopped by Mackenzie Blackwood without a rebound.
3:13 of 3rd period - Cody Eakin wins face-off versus Colton Sissons in Jets zone.
4:05 of 3rd period - Wrist shot by William Carrier.
4:05 of 3rd period - Stopped by Joonas Korpisalo without a rebound.
4:06 of 3rd period - Kyle Turris wins face-off versus Radek Faksa in Avalanche zone.
4:19 of 3rd period - Kyle Turris is hit by Nino Niederreiter and loses puck.
4:41 of 3rd period - Josh Leivo is hit by Victor Olofsson and loses puck.
5:43 of 3rd period - Wrist shot by Pontus Aberg.
5:43 of 3rd period - Stopped by Mackenzie Blackwood with a rebound.
5:45 of 3rd period - Snap shot by Zack Smith.
5:45 of 3rd period - Shot Misses the Net.
5:47 of 3rd period - Slapshot by Matt Roy.
5:47 of 3rd period - Stopped by Mackenzie Blackwood without a rebound.
5:48 of 3rd period - Nathan MacKinnon wins face-off versus Vladislav Namestnikov in Jets zone.
6:05 of 3rd period - Erik Gudbranson is hit by Jack Johnson and loses puck.
6:55 of 3rd period - Josh Manson is hit by Brian Dumoulin and loses puck.
7:04 of 3rd period - Snap shot by Zack Smith.
7:04 of 3rd period - Stopped by Mackenzie Blackwood without a rebound.
7:05 of 3rd period - Radek Faksa wins face-off versus Nathan MacKinnon in Jets zone.
7:06 of 3rd period - Slapshot by Nino Niederreiter.
7:06 of 3rd period - Stopped by Mackenzie Blackwood with a rebound.
7:08 of 3rd period - Slapshot by Nino Niederreiter.
7:08 of 3rd period - Stopped by Mackenzie Blackwood without a rebound.
7:09 of 3rd period - Nathan MacKinnon wins face-off versus Radek Faksa in Jets zone.
7:24 of 3rd period - Snap shot by Victor Olofsson.
7:24 of 3rd period - Stopped by Joonas Korpisalo with a rebound.
7:34 of 3rd period - Brett Pesce is hit by Jack Johnson and loses puck.
7:49 of 3rd period - Minor Penalty to Vladislav Namestnikov for Roughing.
7:50 of 3rd period - Nathan MacKinnon wins face-off versus Radek Faksa in Avalanche zone.
7:51 of 3rd period - Slapshot by Victor Olofsson.
7:51 of 3rd period - Stopped by Joonas Korpisalo with a rebound.
8:05 of 3rd period - Snap shot by Victor Olofsson.
8:05 of 3rd period - Shot Blocked by Jack Johnson.
9:30 of 3rd period - Wayne Simmonds is hit by Jack Johnson and loses puck.
9:43 of 3rd period - Marcus Pettersson is hit by Brett Pesce and loses puck.
9:49 of 3rd period - Penalty to Vladislav Namestnikov is over, Vladislav Namestnikov is back on ice.
10:43 of 3rd period - Icing by Wayne Simmonds.
10:44 of 3rd period - Radek Faksa wins face-off versus Andreas Athanasiou in Jets zone.
11:35 of 3rd period - Conor Sheary is hit by Erik Gudbranson.
11:57 of 3rd period - Warren Foegele is hit by Andreas Athanasiou and loses puck.
12:22 of 3rd period - Slapshot by William Carrier.
12:22 of 3rd period - Shot Blocked by Radek Faksa.
12:28 of 3rd period - Radek Faksa is hit by Erik Gudbranson and loses puck.
12:35 of 3rd period - Snap shot by Nino Niederreiter.
12:35 of 3rd period - Shot Misses the Net.
12:37 of 3rd period - Snap shot by Radek Faksa.
12:37 of 3rd period - Shot Blocked by Josh Manson.
12:55 of 3rd period - Snap shot by William Carrier.
12:55 of 3rd period - Shot Misses the Net.
13:39 of 3rd period - Snap shot by Radek Faksa.
13:39 of 3rd period - Shot Misses the Net.
13:41 of 3rd period - Slapshot by Marcus Pettersson.
13:41 of 3rd period - Shot Blocked by Janne Kuokkanen.
13:45 of 3rd period - Slapshot by Andrew Copp.
13:45 of 3rd period - Shot Misses the Net.
13:47 of 3rd period - Wrist shot by Nino Niederreiter.
13:47 of 3rd period - Shot Misses the Net.
14:09 of 3rd period - Slapshot by Josh Manson.
14:09 of 3rd period - Deflect By William Carrier.
14:09 of 3rd period - Shot Blocked by Nino Niederreiter.
14:09 of 3rd period - Puck is out of play.
14:10 of 3rd period - Nathan MacKinnon wins face-off versus Vladislav Namestnikov in Avalanche zone.
14:35 of 3rd period - Keith Yandle is hit by Andreas Athanasiou and loses puck.
15:04 of 3rd period - Slapshot by Pontus Aberg.
15:04 of 3rd period - Stopped by Mackenzie Blackwood with a rebound.
15:20 of 3rd period - Wrist shot by Victor Olofsson.
15:20 of 3rd period - Stopped by Joonas Korpisalo with a rebound.
15:50 of 3rd period - Vladislav Namestnikov is hit by Victor Olofsson and loses puck.
16:17 of 3rd period - Pontus Aberg is hit by Zach Aston-Reese and loses puck.
16:18 of 3rd period - Pontus Aberg from Avalanche is injured at 16:18 of 3rd period (Broken Right Foot Toe).
16:19 of 3rd period - Cody Eakin wins face-off versus Nathan MacKinnon in Avalanche zone.
17:12 of 3rd period - Wrist shot by Andreas Athanasiou.
17:12 of 3rd period - Stopped by Joonas Korpisalo with a rebound.
17:21 of 3rd period - Off-side.
17:22 of 3rd period - Zack Smith wins face-off versus Nathan MacKinnon in neutral zone.
18:19 of 3rd period - Snap shot by Nino Niederreiter.
18:19 of 3rd period - Stopped by Mackenzie Blackwood with a rebound.
Goals for this period are 0 for Jets vs 0 for Avalanche.
Shots for this period are 8 for Jets vs 9 for Avalanche. Output by the SimonT Hockey Simulator (STHS) for Eric Tremblay - Original Page W3C HTML5 Valid
Hockey Simulator - Hockey Simulation - Hockey Manager